 Dungeon Crawl Stone Soup version 0.23-a0-183-gf37f6fb (webtiles) character file.

543 epen the Poker (level 7, -5/66 HPs)
             Began as a Naga Monk on Sept 22, 2018.
             Slain by an ogre
             ... wielding a +0 giant spiked club
              (12 damage)
             ... on level 4 of the Dungeon.
             The game lasted 00:07:45 (4343 turns).

epen the Poker (Naga Monk)                          Turns: 4343, Time: 00:07:46

Health: -5/66      AC:  6    Str: 16    XL:     7   Next: 27%
Magic:  7/7        EV:  9    Int: 10    God:
Gold:   196        SH:  0    Dex: 13    Spells: 6/6 levels left

rFire    + + .     SeeInvis +   s - +0 dagger (drain)
rCold    x . .     Gourm    .   (no shield)
rNeg     . . .     Faith    .   y - +1 leather armour {rF+}
rPois    +         Spirit   .   m - +0 helmet
rElec    .         Reflect  .   (no cloak)
rCorr    .         Harm     .   n - +0 pair of gloves
MR       .....                  (no barding)
Stlth    +.........             t - amulet of regeneration
HPRegen  0.61/turn              o - ring of fire
MPRegen  0.10/turn              (no ring)

@: flying, heavily drained, very slow
A: large, see invisible, deformed body, poison resistance, slowness 2, slow
metabolism 1, spit poison 1, AC +2
a: Spit Poison


You were on level 4 of the Dungeon.
You were not hungry.

You visited 1 branch of the dungeon, and saw 4 of its levels.

You collected 196 gold pieces.

Inventory:

Hand Weapons
 a - a +0 spear
 s - a +0 dagger of draining (weapon)
Armour
 b - a +0 robe
 g - a +0 ring mail
 m - a +0 helmet (worn)
 n - a +0 pair of gloves (worn)
 y - a +1 leather armour of fire resistance (worn)
Jewellery
 k - a +3 ring of intelligence
 o - a ring of fire (left hand)
 t - an amulet of regeneration (around neck)
Wands
 d - a wand of iceblast (7)
 q - a wand of random effects (26)
 x - a wand of enslavement (15)
Scrolls
 j - 2 scrolls of fog
 p - 3 scrolls of remove curse
 v - a scroll of teleportation
 z - a scroll of enchant armour {unknown}
 A - a scroll of identify
Potions
 e - 3 potions of degeneration
 f - a potion of cancellation
 h - a potion of flight
 i - 6 potions of curing
 l - a potion of agility
 r - a potion of magic
 u - a potion of invisibility {unknown}
Comestibles
 c - 8 rations


   Skills:
 + Level 4.4(2.3) Fighting
 * Level 5.6(3.4) Polearms
 + Level 2.4(0.4) Armour
 + Level 3.6(1.5) Dodging
 - Level 3.0(0.9) Stealth


You had 6 spell levels left.
You didn't know any spells.
Your spell library was empty.

Dungeon Overview and Level Annotations

Branches:
Dungeon (4/15)
 Temple: D:4-7

Altars:
Gozag
Sif Muna
Zin


Innate Abilities, Weirdness & Mutations

You cannot wear boots.
Your serpentine skin is tough. (AC +2)
You have supernaturally acute eyesight. (SInv)
Armour fits poorly on your strangely shaped body.
Your system is resistant to poisons. (rPois)
You cover ground very slowly.
You have a slow metabolism.
You can spit poison.


Message History

The ogre hits you with a giant spiked club!
The iguana barely misses you.
You closely miss the ogre.
The ogre is heavily wounded.
The iguana bites you!
* * * LOW HITPOINT WARNING * * *
The ogre closely misses you.
It was a potion of flight.
You feel very buoyant.
You fly up into the air.
The iguana bites you.
* * * LOW HITPOINT WARNING * * *
You hit the ogre. You drain the ogre!
The ogre is severely wounded.
The ogre misses you. The iguana bites you!
* * * LOW HITPOINT WARNING * * *
Okay, then.
Okay, then.
It was a potion of magic.
Magic courses through your body.
The ogre hits you with a giant spiked club!
You die...

...........#.......###
≈§≈≈§......#####.#.#
###§§......#...#.#.#
##§§.....#.#.#.#.#
#§.....#..#...#.#
#≈....#########
##≈.....##
≈####≈≈......#
≈§≈§≈≈O@.....#
......l......#
........##...#
........#....#
......$......#
..#...... ...# .
##..... ..# #.!....


You could see an ogre and an iguana.

Vanquished Creatures
  Edmund (D:4)
  An ogre (D:3)
  A scorpion (D:4)
  A hound (D:4)
  An orc wizard (D:3)
  An orc priest (D:4)
  A centaur skeleton (D:4)
  Jessica (D:3)
  Ijyb (D:2)
  A gnoll (D:2)
  2 adders
  3 worms (D:2)
  2 dart slugs
  3 leopard geckos (D:1)
  8 orcs
  3 ball pythons
  8 bats
  4 giant cockroaches (D:1)
  6 goblins
  10 hobgoblins
  7 kobolds
  4 quokkas
  6 frilled lizards
  3 rats
79 creatures vanquished.

Notes
Turn   | Place    | Note
-------+----------+-------------------------------------------
     0 | D:1      | epen the Naga Monk began the quest for the Orb.
     0 | D:1      | Reached XP level 1. HP: 21/21 MP: 1/1
   245 | D:1      | Reached XP level 2. HP: 28/28 MP: 2/2
   857 | D:1      | Reached XP level 3. HP: 30/34 MP: 3/3
  2100 | D:2      | Reached skill level 1 in Armour
  2197 | D:2      | Reached XP level 4. HP: 39/42 MP: 4/4
  2566 | D:2      | Reached skill level 4 in Polearms
  3219 | D:3      | Noticed Ijyb
  3250 | D:2      | Killed Ijyb
  3250 | D:2      | Reached XP level 5. HP: 28/50 MP: 5/5
  3413 | D:3      | Noticed Jessica
  3421 | D:3      | Killed Jessica
  3432 | D:3      | Found a deep blue altar of Sif Muna.
  3592 | D:3      | Noticed an ogre
  3604 | D:3      | Killed an ogre
  3604 | D:3      | Reached XP level 6. HP: 33/57 MP: 6/6
  3805 | D:3      | Found an opulent altar of Gozag.
  3806 | D:3      | Found a glowing silver altar of Zin.
  3961 | D:3      | Reached skill level 5 in Polearms
  4070 | D:4      | Noticed Edmund
  4098 | D:4      | Killed Edmund
  4098 | D:4      | Reached XP level 7. HP: 23/66 MP: 7/7
  4343 | D:4      | Slain by an ogre

Vault maps used:
D:1:      minmay_arrival_four_houses, bh_walls_and_bars
D:2:      kennysheep_six_static_rooms
D:3:      grunt_temple_overflow_gold_and_silver, tgw_sif,
          corexii_hall_statues_u, uniq_ijyb
D:4:      minmay_temple_entry_statues_fountains, first_ration,
          kennysheep_decorative_pillar, kennysheep_slug_shrine, uniq_natasha,
          uniq_edmund

Skill      XL: |  1  2  3  4  5  6 |
---------------+-------------------+-----
Armour         | 1 2 |  2.4
Polearms       | 4 5 |  5.6
Dodging        | 3 |  3.6
Fighting       | 4 |  4.4
Stealth        | |  3.0

Action                   |  1- 3 |  4- 6 |  7- 9 || total
-------------------------+-------+-------+-------++-------
Melee: Spear             |   152 |   121 |       ||   273
       Dagger            |       |    80 |    35 ||   115
 Abil: Spit Poison       |     4 |    12 |     1 ||    17
  Use: Scroll            |     6 |     5 |       ||    11
       Potion            |       |       |     2 ||     2
 Stab: Sleeping          |     9 |     1 |       ||    10
  Eat: Chunk             |     3 |     2 |     1 ||     6
       Ration            |       |     1 |       ||     1
Armor: Robe              |    12 |       |       ||    12
       Ring mail         |    24 |    66 |     4 ||    94
       Leather armour    |       |       |     5 ||     5
Dodge: Dodged            |    72 |    77 |    35 ||   184

Table legend:
 A = Non-vault XP
 B = Vault XP
 C = Vault XP percentage of total XP
 D = Non-vault monster count
 E = Vault monster count
 F = Vault count percentage of total count
                 A         B        C        D         E       F
            +---------+---------+-------+---------+---------+-------
      Total |     512 |     264 |  34.0 |      69 |      10 |  12.7
            +---------+---------+-------+---------+---------+-------
        D:1 |      44 |       0 |   0.0 |      22 |       0 |   0.0
        D:2 |      51 |      59 |  53.6 |      19 |       7 |  26.9
        D:3 |     210 |      37 |  15.0 |      20 |       1 |   4.8
        D:4 |     207 |     168 |  44.8 |       8 |       2 |  20.0
            +---------+---------+-------+---------+---------+-------
